 Dungeon Crawl Stone Soup version 0.29.1 (webtiles) character file.

Game seed: 769214555835571529

81 qw the Chopper (level 4, -1/39 HPs)
             Began as a Minotaur Berserker on Sept 13, 2022.
             Was a Believer of Trog.
             Slain by Sigmund
             ... wielding a +0 scythe
              (7 damage)
             ... on level 3 of the Dungeon.
             The game lasted 00:00:39 (1923 turns).

qw the Chopper (Minotaur Berserker)                 Turns: 1923, Time: 00:00:39

Health: -1/39      AC:  8    Str: 24    XL:     4   Next: 20%
Magic:  3/3        EV:  8    Int: 10    God:    Trog [**....]
Gold:   81         SH:  0    Dex:  9    Spells: 3/3 levels left

rFire   . . .      SeeInvis .   Y - +0 hand axe
rCold   . . .      Faith    .   (no shield)
rNeg    . . .      Spirit   .   l - +0 chain mail
rPois   .          Reflect  .   (helmet restricted)
rElec   .          Harm     .   (no cloak)
rCorr   .          Rampage  .   (no gloves)
Will    .....                   (no boots)
Stlth   ..........              (no amulet)
HPRegen 0.13/turn               d - +6 ring of intelligence
MPRegen 0.08/turn               (no ring)

@: on berserk cooldown, slowed, very slow
A: horns 2, retaliatory headbutt
a: Renounce Religion, Berserk, Trog's Hand


You were on level 3 of the Dungeon.
You worshipped Trog.
Trog was pleased with you.
You visited 1 branch of the dungeon, and saw 3 of its levels.

You collected 81 gold pieces.


Innate Abilities, Weirdness & Mutations

You have a pair of horns on your head.
You reflexively headbutt those who attack you in melee.


   Skills:
 - Level 3.6 Fighting
 + Level 5.9 Axes
 - Level 1.1 Throwing
 - Level 2.4 Armour
 - Level 2.1 Dodging


You had 3 spell levels left.
You didn't know any spells.
Your spell library was empty.

Inventory:

Hand Weapons
 i - a +0 mace
 Y - a +0 hand axe (weapon)
Missiles
 h - 3 javelins (quivered)
Armour
 a - a +0 pair of boots
 l - a +0 chain mail (worn)
Jewellery
 d - a +6 ring of intelligence (left hand)
Scrolls
 b - a scroll of teleportation
Potions
 c - a potion of flight {unknown}
 e - a potion of resistance {unknown}
 f - a potion of attraction {unknown}
 g - a potion of heal wounds {unknown}
 j - a potion of cancellation {unknown}
 k - 2 potions of curing {unknown}
 m - 2 potions of might {unknown}

Dungeon Overview and Level Annotations

Branches:
Dungeon (3/15)

Altars:

Annotations:
D:3 Sigmund


Message History

You swing at nothing.
Something hits you.
You swing at nothing.
Something hits you.
You swing at nothing.
Something completely misses you.
You swing at nothing.
You hear some strange, mumbled words.
You are confused.
You're too confused to attack without stumbling around!
You start resting.
Something hits you.
You're too confused to attack without stumbling around!
You start resting.
Something hits you but does no damage.
You're too confused to attack without stumbling around!
You start resting.
Something hits you.
You're too confused to attack without stumbling around!
You start resting.
You feel less confused. Something hits you but does no damage.
You swing at nothing.
Something hits you.
You swing at nothing.
Something hits you.
You swing at nothing.
A magic dart appears from out of thin air!
The magic dart hits you. Something hits you but does no damage.
You swing at nothing.
Something hits you but does no damage.
You swing at nothing.
Something hits you!
You swing at nothing.
Something hits you but does no damage.
You swing at nothing.
Something hits you but does no damage.
You swing at nothing.
Something hits you!
You die...

## #. ########### #.
#...[.....# #.
#.........# #.
#.........# #.
.#......[..############.
.....{.@...'..........'.
...........############.
...........# ##
....#####...####### ...
#.#.#.....# ..
....#.....# #
...#.......######
.###.#..........#
...#..........'


There were no monsters in sight!

Vanquished Creatures
  Terence (D:2)
  An adder (D:3)
  An orc (D:3)
  2 bats
  5 endoplasms
  2 giant cockroaches
  4 goblins
  A hobgoblin (D:3)
  2 jackals (D:1)
  4 kobolds
  2 quokkas
  5 ball pythons
  6 frilled lizards
  10 rats
46 creatures vanquished.

Vanquished Creatures (others)
  5 plants (D:2)
5 creatures vanquished.

Grand Total: 51 creatures vanquished

Notes
Turn   | Place    | Note
-------+----------+-------------------------------------------
     0 | D:1      | qw the Minotaur Berserker began the quest for the Orb.
     0 | D:1      | Reached XP level 1. HP: 19/19 MP: 0/0
     0 | D:1      | 0 ||| qw: Version: 0.1-a-119-g272c26d
     0 | D:1      | 0 ||| qw: Game counter: 11289
     0 | D:1      | 0 ||| qw: Always use a shield: true
     0 | D:1      | 0 ||| qw: Do Orc after D:15 true
     0 | D:1      | 0 ||| qw: Do second Lair branch before Depths: true
     0 | D:1      | 0 ||| qw: Lair rune preference: random
     0 | D:1      | 0 ||| qw: Plans: Normal
     0 | D:1      | 0 ||| PLANNING D:1-11
   143 | D:1      | 143 ||| Stepping ~*~*~tactically~*~*~ (stealth).
   150 | D:1      | Reached skill level 4 in Axes
   205 | D:1      | Reached XP level 2. HP: 26/26 MP: 1/1
   244 | D:1      | 244 ||| Stepping ~*~*~tactically~*~*~ (stealth).
   245 | D:1      | 245 ||| Stepping ~*~*~tactically~*~*~ (stealth).
   250 | D:1      | 250 ||| Stepping ~*~*~tactically~*~*~ (stealth).
   258 | D:1      | 258 ||| Stepping ~*~*~tactically~*~*~ (stealth).
   877 | D:1      | Reached ** piety under Trog
   914 | D:1      | 914 ||| UPGRADING to +0 ring mail.
   924 | D:1      | 924 ||| DROPPING +0 animal skin.
   925 | D:1      | 925 ||| UPGRADING to +6 ring of intelligence.
   926 | D:1      | 926 ||| READING scroll labelled ZAN TEYHIO.
   982 | D:2      | Reached skill level 5 in Axes
  1048 | D:2      | 1048 ||| Stepping ~*~*~tactically~*~*~ (stealth).
  1054 | D:2      | Reached XP level 3. HP: 28/31 MP: 2/2
  1137 | D:2      | 1137 ||| DROPPING +0 club.
  1305 | D:2      | 1305 ||| Stepping ~*~*~tactically~*~*~ (stealth).
  1307 | D:2      | Reached skill level 1 in Throwing
  1332 | D:2      | Noticed Terence
  1336 | D:2      | 1336 ||| INVOKING Berserk.
  1339 | D:2      | Killed Terence
  1502 | D:2      | Found a faded altar of an unknown god.
  1527 | D:2      | 1527 ||| Stepping ~*~*~tactically~*~*~ (stealth).
  1658 | D:2      | 1658 ||| UPGRADING to +0 scale mail.
  1668 | D:2      | 1668 ||| DROPPING +0 ring mail.
  1669 | D:2      | 1669 ||| UPGRADING to +0 chain mail.
  1679 | D:2      | 1679 ||| DROPPING +0 scale mail.
  1680 | D:2      | 1680 ||| READING 2 scrolls labelled RAFUENG BUPETO.
  1713 | D:3      | Reached XP level 4. HP: 39/39 MP: 3/3
  1899 | D:3      | Noticed Sigmund
  1900 | D:3      | 1900 ||| INVOKING Berserk.
  1920 | D:3      | HP: 5/39 [something (7)]
  1923 | D:3      | Slain by Sigmund

Levels and vault maps discovered:
D:1:      minmay_arrival_four_circles, layout_loops_ring, hangedman_decor_push
D:2:      layout_rooms, shapermc_ecumenical_altar_totnotflames,
          serial_bayou_crossing, uniq_terence
D:3:      layout_basic, nicolae_uskayaw_en_pointe, lemuel_doored_altar,
          uniq_sigmund

Skill      XL: |  1  2  3 |
---------------+----------+-----
Axes           | 4 5 |  5.9
Throwing       | 1 |  1.1
Fighting       | |  3.6
Armour         | |  2.4
Dodging        | |  2.1

Action                   |  1- 3 |  4- 6 || total
-------------------------+-------+-------++-------
Melee: Hand axe          |    73 |     8 ||    81
       Headbutt          |     9 |     1 ||    10
       Punch             |     1 |       ||     1
Throw: Javelin           |    25 |     5 ||    30
Invok: Berserk           |     1 |     1 ||     2
  Use: Scroll            |     2 |       ||     2
Armor: Animal skin       |     7 |       ||     7
       Ring mail         |     3 |       ||     3
       Chain mail        |       |     7 ||     7
Dodge: Dodged            |    27 |     4 ||    31

Table legend:
 A = Non-vault XP
 B = Vault XP
 C = Vault XP percentage of total XP
 D = Non-vault monster count
 E = Vault monster count
 F = Vault count percentage of total count
                 A         B        C        D         E       F
            +---------+---------+-------+---------+---------+-------
      Total |      81 |      36 |  30.8 |      45 |       1 |   2.2
            +---------+---------+-------+---------+---------+-------
        D:1 |      32 |       0 |   0.0 |      21 |       0 |   0.0
        D:2 |      28 |      36 |  56.2 |      19 |       1 |   5.0
        D:3 |      21 |       0 |   0.0 |       5 |       0 |   0.0
            +---------+---------+-------+---------+---------+-------
